Map: 2000 Atmospheres LE

Players

A.I. 2 (Very Easy) - Winner!

  • Race: Zerg Zerg
  • Spawn Location: 3:00

llllllllllll

  • Race: Terran Terran
  • League: Grandmaster
  • Spawn Location: 7:00

VOD

Have the link to the VOD?

Description

Time

  • Played on: July 17, 2022, 7:39 p.m.
  • Length: 7:55
Show
View Real Time Build Order
Export as new Build Order

A.I. 2 (Very Easy) Zerg - Winner!

Build Orders: Hatch First 

Get SALT Encoding   

  12  0:01  Drone  
  13  0:12  Overlord  
  13  0:16  Drone  
  14  0:41  Hatchery  
  13  0:45  Drone  
  14  1:04  Spawning Pool  
  14  1:05  Extractor  
  14  1:08  Drone  
  13  1:15  Drone  
  14  1:19  Overlord  
  14  1:51  Queen  
  14  1:52  Zergling x2  
  14  1:54  Zergling x2  
  18  1:58  Roach Warren  
  17  2:03  Drone  
  17  2:06  Extractor  
  17  2:10  Drone  
  17  2:15  Zergling x2  
  19  2:20  Drone  
  20  2:27  Drone  
  21  2:34  Drone  
  22  2:41  Drone  
  23  2:48  Drone  
  24  2:56  Drone  
  25  3:02  Roach  
  25  3:03  Drone  
  28  3:08  Overlord  
  28  3:11  Drone  
  29  3:19  Drone  
  30  3:26  Drone  
  31  3:33  Drone  
  32  3:40  Drone  
  33  3:43  Overlord  
  33  3:47  Drone  
  34  3:49  Roach  
  34  3:52  Lair  
  34  3:54  Drone  
  37  4:02  Drone  
  38  4:09  Drone  
  39  4:17  Drone  
  41  4:24  Drone  
  41  4:25  Overlord  
  42  4:31  Drone  
  42  4:36  Roach  
  45  4:38  Drone  
  46  4:45  Drone  
  46  4:50  Overseer  
  46  4:52  Extractor  
  46  4:53  Overseer, Drone  
  46  4:58  Extractor  
  45  5:00  Drone  
  46  5:07  Drone  
  47  5:14  Drone  
  48  5:21  Drone  
  48  5:23  Roach  
  51  5:28  Drone  
  52  5:36  Drone  
  53  6:55  Zergling x2  
  43  7:02  Overlord, Overseer  
  43  7:11  Queen  
  43  7:13  Drone  
  40  7:20  Drone  
  38  7:24  Zergling x2  
  38  7:27  Drone  
  34  7:31  Overlord  
  34  7:34  Drone  
Show
View Real Time Build Order
Export as new Build Order

llllllllllll Terran 

Build Orders:  

Get SALT Encoding   

  12  0:00  SCV  
  13  0:13  SCV  
  14  0:18  Supply Depot  
  14  0:25  SCV  
  15  0:39  SCV  
  15  0:40  Barracks  
  16  0:44  Refinery  
  16  0:51  SCV  
  17  1:04  SCV  
  18  1:16  SCV  
  19  1:28  Orbital Command, Marine  
  20  1:41  Command Center  
  20  1:48  Barracks Reactor  
  20  1:55  SCV  
  20  1:56  Supply Depot  
  21  2:07  SCV  
  22  2:10  Factory  
  21  2:19  SCV  
  21  2:22  Refinery  
  22  2:24  Marine x2  
  24  2:31  SCV  
  24  2:36  Bunker  
  25  2:43  SCV  
  26  2:46  Marine x2  
  28  2:55  SCV, Factory Tech Lab  
  28  2:57  Starport  
  29  3:02  Orbital Command  
  29  3:07  SCV  
  30  3:19  SCV  
  31  3:22  Siege Tank  
  31  3:24  Marine x2  
  36  3:30  SCV  
  36  3:31  SCV  
  38  3:42  Marine x2  
  38  3:43  Medivac  
  38  3:45  SCV x2  
  44  3:52  Supply Depot  
  44  3:57  SCV  
  44  3:58  SCV  
  44  4:02  Barracks  
  46  4:03  Barracks  
  46  4:13  SCV x2  
  46  4:15  Starport Reactor  
  48  4:25  SCV x2  
  48  4:31  Refinery  
  50  4:34  Factory Reactor, Supply Depot  
  50  4:35  Engineering Bay  
  50  4:37  SCV x2  
  52  4:42  Supply Depot  
  52  4:49  Stimpack  
  52  4:50  SCV x2  
  54  4:58  Starport Reactor  
  54  5:02  SCV x2, Factory Tech Lab  
  54  5:04  Marine x3  
  54  5:05  Marine  
  54  5:06  Marine  
  61  5:10  Terran Infantry Weapons Level 1  
  61  5:11  Refinery  
  61  5:14  SCV x2, Supply Depot  
  63  5:15  Supply Depot  
  66  5:21  Siege Tank  
  66  5:22  Marine x4  
  70  5:35  SCV x2, Marine  
  73  5:37  Supply Depot  
  73  5:40  Supply Depot  
  73  5:42  Marine x4  
  74  5:47  Medivac x2  
  81  5:53  Siege Tank  
  81  5:54  Marine  
  85  6:00  Marine x4  
  85  6:04  Supply Depot  
  89  6:06  Supply Depot  
  89  6:17  Medivac x2  
  89  6:18  Marine x5  
  98  6:29  Combat Shield  
  98  6:33  Siege Tank  
  98  6:36  Marine x3  
  98  6:37  Marine x2  
  98  6:38  Command Center  
  106  6:47  Medivac x2  
  108  6:51  Supply Depot x2  
  108  6:54  Marine x5  
  115  7:05  Siege Tank  
  118  7:12  Marine x5  
Tags
 
Add a new tag
Caveats
  • Supply blocks, unpowered buildings, or Contaminate may cause inaccurate times.
  • Supply counts are checked every 10 seconds.